 Dungeon Crawl Stone Soup version 0.32-a0-361-g289a535e89 (webtiles) character file.

Game seed: 12877946473120939687

14234828 marten the Annihilator (level 27, 228/228 HPs)
             Began as a Human Alchemist on Feb 18, 2024.
             Was the Champion of Vehumet.
             Escaped with the Orb
             ... and 15 runes!
             The game lasted 03:56:11 (111563 turns).

marten the Annihilator (Human Alchemist)          Turns: 111563, Time: 03:56:11

Health: 228/228    AC:  8    Str:  8    XL:     27
Magic:  53/53      EV: 28    Int: 44    God:    Vehumet [******]
Gold:   19806      SH:  0    Dex: 15    Spells: 29/79 levels left

rFire   + + +        T - staff of conjuration
rCold   + + .        B - orb {mayhem}
rNeg    + + +        Y - +0 robe of the Equator {rPois rC+ Int+4 Archmagi}
rPois   ∞            R - +0 hat of Ucreog {Regen+ Int+4 Dex-2 SInv}
rElec   +            h - -1 cloak of Lucidity {Regen+ Slay+2 Stlth+}
rCorr   .            W - +2 pair of gloves {Dex+3}
SInv    +            c - +2 pair of boots {rampage}
Will    ++++.        Q - amulet of magic regeneration
Stlth   +            k - ring of Odghour {rElec EV+5}
HPRegen 2.18/turn    H - ring "Ymokh" {rF++ Int+6 Dex-2 SInv}
MPRegen 0.73/turn

%: mayhem, rampage, archmagi
@: death-form, studying 2 skills
A: vile attack, torment immunity, no potions, explore regen, clever 1, fire
resistance 1, strong-willed 1
0: Orb of Zot
}: 15/15 runes: barnacled, slimy, silver, golden, iron, obsidian, icy, bone,
abyssal, demonic, glowing, magical, fiery, dark, gossamer
a: Siphon Essence, Begin Untransformation, Renounce Religion


You escaped.
You worshipped Vehumet.
Vehumet was exalted by your worship.
You were an undying horror.
You visited 18 branches of the dungeon, and saw 88 of its levels.
You visited Pandemonium 2 times, and saw 18 of its levels.
You visited the Abyss 1 time.
You also visited: Trove and Wizlab.

You collected 21918 gold pieces.
You spent 2112 gold pieces at shops.

Inventory:

Armour
 c - a +2 pair of boots of rampaging (worn)
 h - the -1 cloak of Lucidity (worn) {Regen+ Slay+2 Stlth+}
   (You acquired it on level 3 of the Tomb of the Ancients)

   Slay+2:    It affects your accuracy & damage with ranged weapons and melee
   (+2).
   Regen+:    It increases your rate of health regeneration.
   Stlth+:    It makes you more stealthy.
 B - an orb of mayhem (worn)
 R - the +0 hat of Ucreog (worn) {Regen+ Int+4 Dex-2 SInv}
   (You acquired it on level 13 of the Dungeon)

   Int+4:     It affects your intelligence (+4).
   Dex-2:     It affects your dexterity (-2).
   SInv:      It lets you see invisible.
   Regen+:    It increases your rate of health regeneration.
 W - a +2 pair of gloves of dexterity (worn)
 Y - the +0 robe of the Equator (worn) {rPois rC+ Int+4 Archmagi}
   (You found it on level 1 of the Lair of Beasts)

   Int+4:     It affects your intelligence (+4).
   rC+:       It protects you from cold.
   rPois:     It protects you from poison Archmagi: It increases the power of
   your magical spells.
Magical Staves
 T - a staff of conjuration (weapon)
Jewellery
 k - the ring of Odghour (left hand) {rElec EV+5}
   (You took it off a deep elf death mage on level 3 of the Elven Halls)

   [ring of evasion]

   EV+5:      It affects your evasion (+5).
   rElec:     It insulates you from electricity.
 m - the ring "Ontyaz Akiext" {rF+++ MP+9 EV+5 Str-2 Int+3}
   (You took it off a balrug on level 7 of Gehenna)

   [ring of evasion]

   EV+5:      It affects your evasion (+5).
   Str-2:     It affects your strength (-2).
   Int+3:     It affects your intelligence (+3).
   rF+++:     It renders you almost immune to fire.
   MP+9:      It affects your magic capacity (+9).
 s - the ring "Soqeistri" {rN+ Will+ Str+5 Int+6 Stlth+}
   (You found it on level 3 of the Elven Halls)

   [ring of intelligence]

   Str+5:     It affects your strength (+5).
   Int+6:     It affects your intelligence (+6).
   rN+:       It protects you from negative energy.
   Will+:     It increases your willpower.
   Stlth+:    It makes you more stealthy.
 F - a ring of flight
 H - the ring "Ymokh" (right hand) {rF++ Int+6 Dex-2 SInv}
   (You found it on level 7 of Tartarus)

   [ring of see invisible]

   Int+6:     It affects your intelligence (+6).
   Dex-2:     It affects your dexterity (-2).
   rF++:      It greatly protects you from fire.
   SInv:      It lets you see invisible.
 Q - an amulet of magic regeneration (around neck)
Talismans
 i - a talisman of death (active)
Wands
 a - a wand of light (43)
 y - a wand of digging (45)
 G - a wand of polymorph (45)
 I - a wand of roots (109)
 N - a wand of charming (68)
Scrolls
 d - 4 scrolls of blinking
 f - 9 scrolls of amnesia
 l - 11 scrolls of immolation
 r - 9 scrolls of enchant armour
 t - 4 scrolls of silence
 u - 14 scrolls of poison
 C - 18 scrolls of fear
 E - 2 scrolls of summoning
 J - 16 scrolls of vulnerability
 K - 10 scrolls of fog
 S - 11 scrolls of torment
 U - 8 scrolls of teleportation
Potions
 b - 10 potions of magic
 e - 31 potions of curing
 j - 22 potions of lignification
 o - 6 potions of invisibility
 p - 12 potions of ambrosia
 q - 10 potions of haste
 z - 15 potions of heal wounds
 D - 7 potions of enlightenment
 L - 6 potions of brilliance
 M - 11 potions of attraction
 P - 4 potions of resistance
 V - 5 potions of cancellation
 Z - 11 potions of mutation
Miscellaneous
 g - a figurine of a ziggurat
 n - a phantom mirror
 v - a phial of floods
 w - a condenser vane
 A - a box of beasts
 X - a lightning rod (4/4) (quivered)


   Skills:
 - Level 21.0 Fighting
 - Level 21.0 Dodging
 - Level 2.1 Stealth
 + Level 26.5 Spellcasting
 O Level 27 Conjurations
 O Level 27 Fire Magic
 O Level 27 Air Magic
 - Level 10.0 Alchemy
 - Level 21.0 Evocations
 - Level 23.0 Shapeshifting


You had 29 spell levels left.
You knew the following spells:

 Your Spells              Type           Power      Damage    Failure   Level
a - Orb of Destruction    Conj           95%        9d20      0%          7
b - Chain Lightning       Conj/Air       95%        3d127     1%          9
c - Fire Storm            Conj/Fire      95%        8d24      1%          9
d - Ignition              Fire           82%        3d21      1%          8
k - Blink                 Tloc           100%       N/A       1%          2
m - Maxwell's Capacitive  Air            82%        ∞         1%          8
p - Passage of Golubria   Tloc           72%        N/A       2%          4
s - Swiftness             Air            100%       N/A       0%          3

Your spell library contained the following spells:

 Spells                   Type           Power      Damage    Failure   Level
 Foxfire                  Conj/Fire      100%       2x1d9     0%          1
 Magic Dart               Conj           100%       1d8       0%          1
 Shock                    Conj/Air       100%       1d9       0%          1
 Sting                    Conj/Alch      100%       1d9       0%          1
 Cigotuvi's Dreadful Rot  Necr/Alch/Air  100%       N/A       0%          2
 Mercury Vapours          Alch/Air       100%       N/A       0%          2
 Momentum Strike          Conj/Tloc      100%       3d10      0%          2
 Scorch                   Fire           100%       2d9       0%          2
 Searing Ray              Conj           100%       2d8       0%          2
 Static Discharge         Conj/Air       100%       3-8/arc   0%          2
 Dazzling Flash           Conj/Hex       100%       N/A       0%          3
 Hailstorm                Conj/Ice       100%       3d16      0%          3
 Inner Flame              Hex/Fire       100%       N/A       0%          3
 Mephitic Cloud           Conj/Alch/Air  100%       N/A       0%          3
 Stone Arrow              Conj/Erth      100%       3d13      0%          3
 Volatile Blastmotes      Fire/Tloc      100%       2d18      0%          3
 Airstrike                Air            82%        2d(12-28) 0%          4
 Brom's Barrelling Bould  Conj/Erth      100%       2d11      0%          4
 Flame Wave               Conj/Fire      100%       2d21      0%          4
 Fulminant Prism          Conj/Alch      86%        3d35      0%          4
 Ignite Poison            Fire/Alch      100%       N/A       0%          4
 Iskenderun's Mystic Bla  Conj/Tloc      100%       2d19      0%          4
 Sticky Flame             Fire/Alch      100%       2d15      0%          4
 Summon Blazeheart Golem  Fire/Summ      100%       N/A       0%          4
 Summon Lightning Spire   Summ/Air       100%       N/A       0%          4
 Vhi's Electric Charge    Tloc/Air       100%       N/A       0%          4
 Arcjolt                  Conj/Air       95%        1d105     0%          5
 Fireball                 Conj/Fire      95%        3d35      0%          5
 Freezing Cloud           Conj/Ice/Air   85%        6-21      0%          5
 Irradiate                Conj/Alch      86%        3d40      0%          5
 Iskenderun's Battlesphe  Conj           100%       2d15      0%          5
 Conjure Ball Lightning   Conj/Air       95%        3x3d36    0%          6
 Plasma Beam              Fire/Air       82%        2x1d100   0%          6
 Starburst                Conj/Fire      95%        6d24      0%          6
 Apportation              Tloc           100%       N/A       1%          1
 Freeze                   Ice            100%       1d10      1%          1
 Necrotise                Necr           100%       1d9       1%          1
 Slow                     Hex            100%       N/A       1%          1
 Summon Small Mammal      Summ           100%       N/A       1%          1
 Call Imp                 Summ           100%       N/A       1%          2
 Jinxbite                 Hex            100%       N/A       1%          2
 Lesser Beckoning         Tloc           100%       N/A       1%          2
 Sublimation of Blood     Necr           72%        N/A       1%          2
 Call Canine Familiar     Summ           72%        N/A       1%          3
 Confusing Touch          Hex            72%        N/A       1%          3
 Frozen Ramparts          Ice            100%       1d16      1%          3
 Fugue of the Fallen      Necr           72%        N/A       1%          3
 Gell's Gravitas          Tloc           72%        N/A       1%          3
 Ozocubu's Armour         Ice            72%        N/A       1%          3
 Passwall                 Erth           72%        N/A       1%          3
 Sigil of Binding         Hex            72%        N/A       1%          3
 Summon Ice Beast         Ice/Summ       72%        N/A       1%          3
 Teleport Other           Tloc           72%        N/A       1%          3
 Tukima's Dance           Hex            72%        N/A       1%          3
 Vampiric Draining        Necr           72%        2d11      1%          3
 Leda's Liquefaction      Alch/Erth      50%        N/A       1%          4
 Olgreb's Toxic Radiance  Alch           100%       N/A       1%          4
 Petrify                  Alch/Erth      100%       N/A       1%          4
 Alistair's Intoxication  Alch           80%        N/A       1%          5
 Lee's Rapid Deconstruct  Erth           36%        3d18*     1%          5
 Silence                  Hex/Air        66%        N/A       1%          5
 Yara's Violent Unravell  Hex/Alch       50%        3d19      1%          5
 Bombard                  Conj/Erth      79%        9d13      1%          6
 Eringya's Noxious Bog    Alch           60%        4d6       1%          6
 Spellforged Servitor     Conj/Summ      79%        N/A       1%          7
 Lehudib's Crystal Spear  Conj/Erth      79%        10d18     1%          8
 Anguish                  Hex/Necr       36%        N/A       2%          4
 Animate Armour           Summ/Erth      100%       N/A       2%          4
 Animate Dead             Necr           72%        N/A       2%          4
 Cause Fear               Hex            36%        N/A       2%          4
 Dimensional Bullseye     Hex/Tloc       36%        N/A       2%          4
 Dispel Undead            Necr           72%        3d24      2%          4
 Manifold Assault         Tloc           72%        N/A       2%          4
 Martyr's Knell           Necr/Summ      72%        N/A       2%          4
 Sculpt Simulacrum        Ice/Alch       50%        N/A       4%          6
 Borgnjor's Vile Clutch   Necr/Erth      36%        N/A       7%          5
 Curse of Agony           Necr           72%        N/A       7%          5
 Metabolic Englaciation   Hex/Ice        36%        N/A       7%          5
 Summon Forest            Summ/Tloc      36%        N/A       7%          5
 Summon Mana Viper        Hex/Summ       72%        N/A       7%          5
 Death Channel            Necr           36%        N/A       36%         6
 Dispersal                Tloc           36%        N/A       36%         6
 Summon Cactus Giant      Summ           36%        N/A       36%         6
 Ozocubu's Refrigeration  Ice            36%        4d15      45%         7
 Enfeeble                 Hex            36%        N/A       91%         7
 Haunt                    Necr/Summ      36%        N/A       91%         7
 Monstrous Menagerie      Summ           36%        N/A       91%         7
 Summon Hydra             Summ           36%        N/A       91%         7
 Borgnjor's Revivificati  Necr           36%        N/A       100%        8
 Discord                  Hex            36%        N/A       100%        8
 Disjunction              Tloc           36%        N/A       100%        8
 Infestation              Necr           36%        N/A       100%        8
 Death's Door             Necr           36%        N/A       100%        9
 Dragon's Call            Summ           36%        N/A       100%        9
 Polar Vortex             Ice            36%        12d4*     100%        9


Dungeon Overview and Level Annotations

Branches:
Dungeon (15/15)            Temple (1/1) D:4            Lair (5/5) D:9
 Shoals (4/4) Lair:3       Spider (4/4) Lair:2        Slime (5/5) Lair:5
    Orc (2/2) D:9             Elf (3/3) Orc:2        Vaults (5/5) D:13
  Crypt (3/3) Vaults:2       Tomb (3/3) Crypt:3      Depths (4/4) D:15
   Hell (visited)             Dis (7/7) Hell            Geh (7/7) Hell
    Coc (7/7) Hell            Tar (7/7) Hell            Zot (5/5) Depths:4
 WizLab (visited)

Altars:
Ashenzari
Cheibriados
Dithmenos
Elyvilon
Fedhas
Gozag
Hepliaklqana
Kikubaaqudgha
Makhleb
Nemelex Xobeh
Okawaru
Qazlal
Ru
Sif Muna
Trog
Uskayaw
Vehumet
Wu Jian
Xom
Yredelemnul
Zin
The Shining One
Jiyva
Lugonu

Shops:
Orc:1 !   Orc:2 ([:*   Shoals:1 [   Vaults:4 *   Depths:2 =:=

Portals:
Hell: Depths:1 Depths:2 Depths:3 Depths:4
Abyss: Depths:3 Depths:4
Pandemonium: Depths:1 Depths:2 Depths:3 Depths:4
Ziggurat: Depths:3


Innate Abilities, Weirdness & Mutations

You are an undying horror.
Your melee and unarmed attacks drain, slow and weaken victims.
You are immune to unholy pain and torment.
You cannot drink.
You are immune to poison.
You regain HP and MP as you explore.
Your mind is acute. (Int +4, Str/Dex -1)
Your flesh is heat resistant. (rF+)
You are strong-willed. (Will+)


Message History

You climb upwards.
There is a stone staircase leading down here.
Magic restored.
There is an open door here.
There is an open door here.
There is a stone staircase leading up here.
You climb upwards.
There is a stone staircase leading down here.
An Executioner comes into view.
You can't go up here!
Casting: Chain Lightning (mildly dangerous; 1% risk of failure)
Confirm with . or Enter, or press ? or * to list all spells.
You feel a strong surge of power! Lightning arcs from your hands!
The bolt of lightning hits the Executioner!!
The Executioner resists.
The Executioner is heavily wounded.
The bolt of lightning hits you!! You resist.
Casting: Chain Lightning (mildly dangerous; 1% risk of failure)
Confirm with . or Enter, or press ? or * to list all spells.
You feel a strong surge of power! Lightning arcs from your hands!
The bolt of lightning hits the Executioner!!!!
The Executioner resists.
You kill the Executioner!
Vehumet accepts your kill. The bolt of lightning hits you!! You resist.
HP restored.
You see here 3 stones.
Magic restored.
You see here a quokka skeleton.
A chaos spawn comes into view.
The chaos spawn barks!
You can't go up here!
There is a stone staircase leading up here.
You climb upwards.
There is a stone staircase leading down here.
There is a stone staircase leading up here.
You climb upwards.
There is a stone staircase leading down here.
There is a staircase leading out of the dungeon here.
You have escaped!

########### ####
#.........# ##...
##.......#.### ##....
##..#####.....####.....
##..#.....#..#....#.....
##..#.......#..###%#.....
#..#....z....#..##.#.....
##..#.......#..###.......
##..#..)..#..###..##....
##..#####...###.####...
##.............# ##.#
####....########### ###.#
##....#### ##...#
########..#### #..###
.........## ### ###.##


There were no monsters in sight!

Vanquished Creatures
  Cerebov (Pan)
  Asmodeus (Geh:7)
  Antaeus (Coc:7)
  the Royal Jelly (Slime:5)
  Ereshkigal (Tar:7)
  Gloorx Vloq (Pan)
  Mnoleg (Pan)
  the Serpent of Hell (Geh:7)
  13 pandemonium lords
  6 dread liches
  Dispater (Dis:7)
  Lom Lobon (Pan)
  Frederick (Depths:4)
  6 orbs of fire
  3 juggernauts (Dis:7)
  3 ancient liches
  Mennas (Pan)
  35 royal mummies
  Parghit (Depths:4)
  4 Killer Klowns
  21 shard shrikes
  3 curse toes
  Margery (Depths:3)
  21 caustic shrikes
  Geryon (Hell)
  Jory (Depths:3)
  Norris (Elf:2)
  26 bone dragons
  8 golden dragons
  26 profane servitors
  the Enchantress (Depths:4)
  3 electric golems
  6 iron giants
  11 Brimstone Fiends
  22 Tzitzimimeh
  6 hellephants
  16 Hell Sentinels
  23 Ice Fiends
  22 tainted leviathans
  6 doom hounds
  2 spectral shard shrikes
  30 Orb Guardians
  6 liches
  Jorgrun (Spider:1)
  23 tentacled monstrosities
  Asterion (Depths:1)
  Mlioglotl (Spider:2)
  2 deep elf blademasters (Elf:3)
  19 titans
  A walking divine tome (Depths:4)
  7 quicksilver dragons
  2 deep elf master archers (Elf:3)
  17 sphinxes
  11 searing wretches
  12 acid blobs
  25 ancient champions
  34 Executioners
  12 death cobs
  Polyphemus (Shoals:2)
  Agnes (Elf:2)
  8 tentacled starspawn
  Aizul (Vaults:1)
  14 storm dragons
  Donald (Elf:2)
  5 tengu reavers (Vaults:5)
  8 revenants
  5 shadow dragons
  12 rockslimes
  2 daevas
  3 draconian monks
  13 narguns
  Roxanne (D:15)
  13 fire giants
  7 draconian knights
  11 demonspawn warmongers (Pan)
  11 protean progenitors
  16 azure jellies
  11 quicksilver elementals
  A fenstrider witch (Pan)
  6 deep elf sorcerers
  15 vault wardens
  5 draconian scorchers
  A caustic shrike zombie (WizLab)
  5 ghost moths
  5 orc warlords
  14 frost giants
  7 draconian shifters
  2 emperor scorpions (Spider:4)
  6 spectral caustic shrikes
  40 reapers
  4 curse skulls
  51 balrugs
  6 deep elf elementalists (Elf:3)
  12 shard shrike simulacra
  3 draconian stormcallers
  6 iron dragons
  22 ghouls
  5 spriggan defenders
  43 cacodemons
  14 demonspawn blood saints (Pan)
  12 demonspawn corrupters (Pan)
  8 draconian annihilators
  A caustic shrike skeleton (Pan)
  A starflower (Abyss:3)
  4 formless jellyfish
  17 ironbound preservers
  12 ironbound thunderhulks
  13 quicksilver oozes
  17 very ugly things
  The ghost of Fulij the Tortoise, a journeyman MiFi of Okawaru (D:13)
  A broodmother (Spider:1)
  16 demonspawn black suns (Pan)
  10 juggernaut skeletons
  17 stone giants
  7 green draconians
  35 putrid mouths
  8 white draconians
  9 deep elf demonologists
  15 elemental wellsprings
  4 vampire knights
  10 deep elf death magi
  17 wendigos
  The ghost of Fack the Blocker, a journeyman GnFi of Gozag (D:13)
  11 deep elf annihilators
  13 purple draconians
  10 yellow draconians
  7 black draconians
  A spectral titan (Tar:1)
  10 bennus
  5 halazid warlocks (WizLab)
  8 red draconians
  31 lorocyprocas
  10 dire elephants
  10 spark wasps
  20 war gargoyles
  4 iron golems
  Azrael (D:15)
  A crystal guardian (Vaults:2)
  24 blizzard demons
  10 merfolk impalers
  6 eidola
  An entropy weaver (Spider:4)
  14 ettins
  5 spectral quicksilver dragons
  6 merfolk javelineers
  A spectral iron giant (Tar:4)
  25 green deaths
  21 jiangshi
  A spriggan zombie (Tomb:3)
  17 mummy priests
  A kraken zombie (Hell)
  2 quicksilver dragon zombies (WizLab)
  7 yaktaur captains
  2 deep elf high priests
  11 fire dragons
  An entropy weaver (shapeshifter) (Elf:3)
  6 great orbs of eyes
  2 spectral krakens
  4 spectral spriggans
  9 salamander tyrants
  34 vault guards
  Erolcha (D:11)
  7 hell beasts
  5 hydras (Lair:5)
  13 ice dragons
  A peacekeeper (Vaults:2)
  10 rakshasas
  9 spriggan air magi
  The ghost of Dute the Blocker, a journeyman FoFi of Cheibriados (D:13)
  3 ghost crabs (Shoals:3)
  3 ogre magi
  2 radroaches (Spider:1)
  4 jorogumos
  7 centaur warriors
  Harold (D:11)
  13 ironbound frosthearts
  4 merfolk avatars
  11 caustic shrike simulacra
  A bennu zombie (Crypt:2)
  12 boulder beetles
  5 catoblepae
  3 juggernaut simulacra
  3 death knights
  41 dancing weapons
  3 merfolk aquamancers
  7 stokers
  An alligator snapping turtle (Shoals:4)
  Erica (D:9)
  6 deep troll earth magi
  8 two-headed ogres
  7 deep troll shamans
  A spectral naga (Tar:1)
  16 death yaks
  7 tengu warriors
  34 death scarabs
  10 vampire magi
  3 orc high priests
  2 shock serpents (shapeshifter)
  30 demonic crawlers
  6 occultists
  A spectral dire elephant (Tar:7)
  7 spriggan berserkers
  20 deep elf knights
  6 spriggans
  8 skysharks
  6 crystal echidnas (Dis:7)
  37 hell hogs
  6 iron trolls
  120 sun demons
  9 hellephant skeletons (Pan)
  59 soul eaters
  A titan skeleton (Crypt:2)
  A wretched star (Abyss:3)
  17 hell knights
  A salamander mystic (Depths:4)
  Amaemon (D:10)
  36 skeletal warriors
  6 pharaoh ants
  A spectral spark wasp (WizLab)
  50 sixfirhies
  58 large abominations
  A spectral anaconda (Tar:1)
  7 shadow wraiths
  A fire crab (shapeshifter) (Vaults:5)
  A golden dragon zombie (Crypt:2)
  7 flayed ghosts
  2 quicksilver dragon simulacra
  37 deep trolls
  10 sea snakes
  A spectral hydra (Tar:5)
  A storm dragon skeleton (Tomb:3)
  A mana viper (Abyss:3)
  8 orb spiders
  9 steelbarb worms
  A golden dragon skeleton (Depths:2)
  A spectral iron dragon (Tar:3)
  45 shadow demons (Pan)
  11 arcanists
  An orb spider (shapeshifter) (Vaults:5)
  An obsidian statue (Depths:4)
  2 wolf spider zombies (WizLab)
  A mana viper (shapeshifter) (Depths:3)
  6 glowing orange brains
  6 lindwurms
  A glowing orange brain (shapeshifter) (Vaults:5)
  11 sun moths
  An anaconda skeleton (Hell)
  8 bog bodies
  5 spriggan simulacra
  10 necromancers
  20 phantasmal warriors
  18 ironbound convokers
  13 deep elf archers
  31 deep elf pyromancers
  45 harpies
  6 lightning spires (Abyss:3)
  43 ugly things
  A will-o-the-wisp (Abyss:3)
  An orange crystal statue (Zot:5)
  7 starcursed masses
  A tengu skeleton (Depths:2)
  10 shining eyes
  2 alligator zombies
  11 orc knights
  An eleionoma zombie (Crypt:2)
  A spectral ettin (Tar:7)
  17 manticores
  6 worldbinders
  21 deep elf zephyrmancers
  3 orc sorcerers
  A frost giant zombie (Depths:2)
  5 cyclopes
  A faun (shapeshifter) (Vaults:5)
  17 wolf spiders
  2 salamanders (Depths:4)
  27 moths of wrath
  13 fauns
  Maurice (D:9)
  4 meliai (Spider:4)
  15 vault sentinels
  A guardian serpent (Abyss:3)
  A spectral alligator snapping turtle (Shoals:3)
  6 elephants
  16 rust devils
  10 merfolk sirens
  9 eyes of devastation
  2 apocalypse crabs (Abyss:3)
  11 molten gargoyles
  2 ice statues (Coc:7)
  A kobold blastminer (Orc:2)
  A frost giant skeleton (Depths:2)
  5 water nymphs
  10 black mambas
  36 orange demons
  13 torpor snails
  An alligator snapping turtle zombie (Crypt:1)
  64 smoke demons
  3 centaur skeletons
  9 cane toads
  3 gargoyles
  3 unseen horrors
  6 komodo dragons
  7 titan simulacra
  A torpor snail (shapeshifter) (Vaults:5)
  A cane toad (shapeshifter) (Depths:1)
  2 rime drakes (Lair:5)
  38 hellions
  14 spectral swamp worms (Tar:7)
  A spectral sea snake (Shoals:3)
  10 freezing wraiths
  An alligator snapping turtle skeleton (Tomb:1)
  A kobold demonologist (D:11)
  16 yaktaurs
  A golden dragon simulacrum (Coc:7)
  9 anaconda simulacra
  Jeremiah (D:6)
  50 guardian mummies
  31 tormentors
  A sea snake zombie (Hell)
  4 ancient zymes
  3 silent spectres
  4 ice devils
  6 spectral merfolk (Shoals:3)
  3 tengu conjurers
  30 merfolk
  3 spectral harpies
  13 red devils
  Psyche (D:9)
  9 efreet
  An iron giant simulacrum (Coc:6)
  10 trolls
  4 hydra zombies
  2 tyrant leeches (Zot:3)
  3 wind drakes
  A polar bear (Lair:2)
  A harpy skeleton (Tomb:3)
  A wind drake (shapeshifter) (Depths:2)
  7 hornets
  37 hellwings
  A hydra skeleton (Hell)
  4 raiju (Abyss:3)
  A jumping spider zombie (Crypt:1)
  6 blink frogs
  25 tarantellas
  8 glass eyes
  2 ettin zombies (Tomb:1)
  A stone giant simulacrum (Coc:4)
  An iron dragon simulacrum (Coc:4)
  2 snapping turtles (Shoals:4)
  10 dream sheep
  18 jumping spiders
  6 naga simulacra
  7 dire elephant simulacra
  An ettin skeleton (Tomb:1)
  62 ynoxinuls
  6 air elementals
  22 culicivoras
  130 slime creatures
  3 vampires
  19 ushabtiu
  5 shadows
  6 wraiths
  4 wyverns
  22 yaks
  10 water elementals
  Eustachio (D:4)
  8 golden eyes
  6 basilisks
  9 fire elementals
  Grum (D:11)
  8 vampire mosquitoes
  Menkaure (D:6)
  18 humans (D:13)
  3 steam dragons
  43 neqoxecs
  A redback (shapeshifter) (Vaults:5)
  44 redbacks
  The ghost of cordlesssteve the Vexing, an amateur FoHs (D:3)
  51 chaos spawn
  A deep troll zombie (Crypt:2)
  2 wind drake skeletons (Crypt:1)
  16 harpy simulacra
  2 acid dragons
  A glowing shapeshifter zombie (Crypt:1)
  17 water moccasins
  A glowing shapeshifter skeleton (Depths:2)
  3 hell hounds (Pan)
  A merfolk simulacrum (Crypt:3)
  27 orc warriors
  54 laughing skulls
  2 sky beasts
  7 black bears
  4 ettin simulacra
  15 small abominations
  13 wolves
  4 boggarts (Vaults:3)
  3 ogres
  9 phantoms
  6 centaurs
  A weeping skull (Abyss:3)
  2 brain worms
  3 kobold brigands
  2 gnoll sergeants
  13 bullfrogs
  12 earth elementals
  10 scorpions
  4 burial acolytes (Crypt:3)
  10 wights
  10 killer bees
  16 jellies
  6 howler monkeys
  A bombardier beetle (D:7)
  2 centaur zombies
  3 quasits
  4 lava snakes (D:13)
  5 hounds
  9 orc priests
  6 sleepcaps
  A gnoll bouda (D:5)
  4 iguanas
  A boggart zombie (D:15)
  22 orc wizards
  5 scorpion zombies (D:8)
  11 hell rats
  6 killer bee zombies (D:8)
  56 mummies
  14 adders
  13 gnolls
  A river rat (D:9)
  7 shadow imps
  A white imp (Abyss:3)
  5 ufetubi
  An adder skeleton (Crypt:2)
  4 dart slugs
  2 ribbon worms
  49 orcs
  5 ball pythons
  4 bats
  7 endoplasms
  4 giant cockroaches
  A gnoll zombie (Crypt:2)
  10 goblins
  4 hobgoblins
  6 jackals
  16 kobolds
  6 quokkas
  3 frilled lizards
  2 rats
  13 aspiring fleshes
  3 creeping infernos
  2 fire vortices
  2 lurking horrors
  4 starspawn tentacles
  4 tentacles (Shoals:3)
4537 creatures vanquished.

Vanquished Creatures (collateral kills)
  3 royal mummies
  A shard shrike (Coc:6)
  A caustic shrike (Dis:7)
  2 profane servitors (Tar:7)
  2 Brimstone Fiends
  A lich (Tomb:3)
  3 titans
  A searing wretch (Geh:4)
  2 acid blobs (Slime:5)
  2 ancient champions
  2 frost giants
  A draconian scorcher (Zot:4)
  A vault warden (Vaults:5)
  3 balrugs (Pan)
  A spectral juggernaut (Tar:2)
  A draconian stormcaller (Zot:1)
  2 reapers (Pan)
  2 stone giants
  A cacodemon (Pan)
  A demonspawn blood saint (Pan)
  2 elemental wellsprings
  2 very ugly things (Pan)
  A demonspawn black sun (Pan)
  A formless jellyfish (Slime:5)
  A dire elephant (Vaults:3)
  A putrid mouth (Tar:1)
  2 war gargoyles (Dis:7)
  A lorocyproca (Pan)
  A bennu (Tomb:3)
  A merfolk impaler (Abyss:3)
  A blizzard demon (Pan)
  A merfolk javelineer (Shoals:2)
  A yaktaur captain (Vaults:2)
  A caustic shrike simulacrum (Coc:6)
  A salamander tyrant (Geh:7)
  A hydra (Lair:5)
  A two-headed ogre (shapeshifter) (Abyss:3)
  2 dancing weapons
  A death yak (Shoals:2)
  A satyr (Shoals:3)
  A hell hog (Geh:1)
  2 sun demons (Pan)
  A demonic crawler (Spider:1)
  A skyshark (Elf:2)
  4 soul eaters (Pan)
  2 skeletal warriors (Crypt:3)
  A deep elf knight (Elf:2)
  A sixfirhy (Pan)
  An iron troll (Depths:2)
  3 pharaoh ants
  2 large abominations (Pan)
  A deep troll (Depths:2)
  2 shadow demons (Pan)
  A necromancer (Crypt:3)
  An orc knight (Orc:2)
  A deep elf zephyrmancer (Elf:2)
  An ironbound convoker (Vaults:5)
  3 harpies
  A deep elf pyromancer (Elf:2)
  3 ugly things
  A steelbarb worm (Spider:4)
  An orc sorcerer (Orc:2)
  A moth of wrath (Spider:2)
  A faun (Shoals:2)
  2 meliai (Spider:4)
  A centaur zombie (Tomb:3)
  A vault sentinel (Vaults:2)
  An orange demon (Pan)
  A titan simulacrum (Coc:5)
  An eye of devastation (Pan)
  A molten gargoyle (Geh:7)
  An efreet (Pan)
  A yaktaur (D:15)
  4 merfolk
  A spectral harpy (Tar:3)
  A hellwing (Pan)
  A tarantella (Spider:4)
  A raiju (Abyss:3)
  A snapping turtle (Shoals:2)
  A slime creature (Slime:1)
  A ynoxinul (Depths:4)
  A dire elephant simulacrum (Coc:6)
  A spriggan (Depths:4)
  A water elemental (Depths:2)
  2 golden eyes (Slime:5)
  2 yaks (Lair:1)
  4 redbacks
  4 chaos spawn (Pan)
  3 neqoxecs (Pan)
  2 harpy simulacra (Coc:6)
  2 orc warriors (Orc:2)
  2 laughing skulls (WizLab)
  A wolf (D:11)
  A bullfrog (Lair:1)
  6 wights
  A lava snake (D:13)
  A jelly (Slime:2)
  4 orc priests
  A gnoll bouda (D:7)
  A scorpion zombie (D:8)
  A hell rat (D:9)
  2 mummies
  A gnoll (D:7)
  A river rat (D:9)
  7 orcs
  169 fire vortices
336 creatures vanquished.

Vanquished Creatures (others)
  A caustic shrike (Dis:7)
  A Brimstone Fiend (Geh:7)
  A Tzitzimitl (Tar:7)
  A Hell Sentinel (Dis:2)
  An eldritch tentacle (Pan)
  A demonspawn warmonger (Pan)
  2 balrugs
  A bennu (Tomb:3)
  A black draconian (Depths:4)
  A fire dragon (Depths:2)
  A merfolk impaler (Shoals:3)
  A radroach (Spider:4)
  A hell beast (Pan)
  A centaur warrior (Vaults:2)
  2 hell hogs (Geh:1)
  2 sun demons (Pan)
  A shadow demon (Pan)
  A vault sentinel (Vaults:1)
  A torpor snail (Spider:4)
  A komodo dragon (Lair:1)
  A yaktaur (D:15)
  A guardian mummy (Tomb:2)
  A merfolk (Shoals:2)
  A hellwing (Pan)
  A dream sheep (Lair:2)
  2 slime creatures
  A shadow (Abyss:3)
  A ynoxinul (Depths:4)
  A wyvern (D:11)
  A water elemental (Elf:2)
  A small abomination (Abyss:1)
  2 orc priests (Orc:1)
  An orc wizard (D:8)
  A mummy (Tomb:3)
  2 orcs
  927 fire vortices
  2 starspawn tentacles
970 creatures vanquished.

Grand Total: 5843 creatures vanquished

Notes
Turn   | Place    | Note
-------+----------+-------------------------------------------
     0 | D:1      | marten the Human Alchemist began the quest for the Orb.
     0 | D:1      | Reached XP level 1. HP: 13/13 MP: 3/3
   148 | D:1      | Reached XP level 2. HP: 19/19 MP: 3/5
   392 | D:1      | Reached XP level 3. HP: 24/24 MP: 3/6
  1187 | D:2      | Reached XP level 4. HP: 30/30 MP: 5/8
  1231 | D:2      | Found a shimmering blue altar of Sif Muna.
  2163 | D:3      | Learned a level 4 spell: Olgreb's Toxic Radiance
  2168 | D:3      | Learned a level 4 spell: Sticky Flame
  2195 | D:3      | Reached XP level 5. HP: 35/35 MP: 5/9
  2312 | D:3      | Found a faded altar of an unknown god.
  2313 | D:3      | Found a hazy altar of Hepliaklqana.
  2519 | D:3      | Found a runed translucent door.
  2538 | D:3      | Reached skill level 5 in Alchemy
  2702 | D:3      | Noticed cordlesssteve's ghost (amateur FoHs)
  3051 | D:4      | Noticed Eustachio
  3233 | D:4      | Identified the +6 scale mail "Laemimuo" {+Inv Str+3 Dex+3
                  | Slay+3}
  3541 | D:4      | Killed Eustachio
  3542 | D:4      | Reached XP level 6. HP: 41/41 MP: 7/11
  3735 | D:4      | Found a staircase to the Ecumenical Temple.
  3743 | Temple   | Entered the Ecumenical Temple
  3758 | Temple   | Became a worshipper of Vehumet
  4234 | D:4      | Reached XP level 7. HP: 34/46 MP: 12/13
  4353 | D:4      | Learned a level 3 spell: Mephitic Cloud
  4354 | D:5      | Entered Level 5 of the Dungeon
  4673 | D:5      | Found a stormy altar of Qazlal.
  4715 | D:5      | Reached skill level 1 in Fire Magic
  4757 | D:5      | Identified a scroll of acquirement
  4758 | D:5      | Acquired 836 gold pieces
  4995 | D:5      | Identified the +11 dagger of Soitoaf {flame, Will+ Str-2
                  | Int+7 Dex-3}
  5145 | D:5      | Reached * piety under Vehumet
  5145 | D:5      | Offered knowledge of Magic Dart by Vehumet.
  5146 | D:5      | Reached XP level 8. HP: 52/52 MP: 15/15
  5593 | D:6      | Reached skill level 5 in Spellcasting
  5648 | D:6      | Noticed Menkaure
  5651 | D:6      | Killed Menkaure
  6158 | D:6      | Noticed Jeremiah
  6165 | D:6      | Killed Jeremiah
  6166 | D:6      | Reached XP level 9. HP: 57/57 MP: 7/17
  6327 | D:6      | Reached ** piety under Vehumet
  6327 | D:6      | Offered knowledge of Searing Ray by Vehumet.
  6688 | D:6      | Found a hide-covered altar of Uskayaw.
  7237 | D:6      | Reached skill level 5 in Fire Magic
  7237 | D:6      | Reached skill level 10 in Alchemy
  7552 | D:7      | Offered knowledge of Scorch by Vehumet.
  7984 | D:7      | Reached XP level 10. HP: 63/63 MP: 22/22
  8018 | D:7      | Reached *** piety under Vehumet
  8544 | D:8      | Noticed a two-headed ogre
  8551 | D:8      | Killed a two-headed ogre
  8554 | D:8      | Offered knowledge of Ignite Poison by Vehumet.
  8560 | D:8      | Learned a level 4 spell: Ignite Poison
  8791 | D:8      | Reached skill level 10 in Spellcasting
  8927 | D:8      | Reached skill level 1 in Fighting
  9169 | D:8      | Reached **** piety under Vehumet
  9181 | D:8      | Offered knowledge of Iskenderun's Mystic Blast by Vehumet.
  9352 | D:8      | Found a snail-covered altar of Cheibriados.
  9817 | D:8      | Reached XP level 11. HP: 65/77 MP: 13/25
  9895 | D:8      | Reached skill level 5 in Dodging
 10077 | D:8      | Identified the ring of the Death Scarab {Ice Int+3}
 10134 | D:8      | Reached skill level 5 in Fighting
 10404 | D:9      | Found a staircase to the Lair.
 10405 | D:9      | Noticed a death yak
 10411 | D:9      | Killed a death yak
 10506 | D:9      | Noticed Erica
 10510 | D:9      | Killed Erica
 10589 | D:9      | Noticed Psyche
 10593 | D:9      | Killed Psyche
 10978 | D:9      | Found a staircase to the Orcish Mines.
 10992 | D:9      | Noticed Maurice
 10995 | D:9      | Killed Maurice
 11494 | Orc:1    | Entered Level 1 of the Orcish Mines
 11610 | Orc:1    | Noticed a kraken
 11735 | Orc:2    | Entered Level 2 of the Orcish Mines
 11758 | Orc:2    | Noticed an orc knight
 11762 | Orc:2    | Killed an orc knight
 11763 | Orc:2    | Noticed an orc high priest
 11766 | Orc:2    | Killed an orc high priest
 11767 | Orc:2    | Reached XP level 12. HP: 87/92 MP: 21/26
 11774 | Orc:2    | Reached ***** piety under Vehumet
 11816 | Orc:2    | Offered knowledge of Brom's Barrelling Boulder by Vehumet.
 11852 | Orc:2    | Found a staircase to the Elven Halls.
 11860 | Orc:2    | Found Ceutt's General Store.
 11999 | Orc:2    | Noticed an orc warlord
 12003 | Orc:2    | Killed an orc warlord
 12008 | Orc:2    | Found Vanke's Book Emporium.
 12120 | Orc:2    | Found Ytafauj's Antique Armour Boutique.
 12132 | Orc:2    | Noticed an orc high priest
 12137 | Orc:2    | Killed an orc high priest
 12138 | Orc:2    | Reached skill level 10 in Dodging
 12162 | Orc:2    | Reached skill level 10 in Fighting
 12259 | Orc:2    | Found Fompef's Antique Weapon Boutique.
 12534 | Orc:2    | Bought the +2 hat of the Bear Spirit {Spirit, Bear, *Rage
                  | Will++} for 1047 gold pieces
 12534 | Orc:2    | Found the +2 hat of the Bear Spirit {Spirit, Bear, *Rage
                  | Will++}
 12534 | Orc:2    | Bought a glowing robe for 111 gold pieces
 12569 | Orc:1    | Noticed an orc high priest
 12574 | Orc:1    | Killed an orc high priest
 12629 | Orc:1    | Found Ivvous's Distillery.
 13071 | D:10     | Entered Level 10 of the Dungeon
 13117 | D:10     | Found a sacrificial altar of Ru.
 13142 | D:10     | Noticed a centaur warrior
 13146 | D:10     | Killed a centaur warrior
 13224 | Orc:2    | Bought an Everburning Encyclopedia for 532 gold pieces
 13412 | D:10     | Found a shimmering blue altar of Sif Muna.
 13412 | D:10     | Found a shadowy altar of Dithmenos.
 13543 | D:10     | Noticed Amaemon
 13550 | D:10     | Killed Amaemon
 13551 | D:10     | Reached XP level 13. HP: 103/103 MP: 19/27
 13915 | D:10     | Learned a level 8 spell: Ignition
 14054 | Lair:1   | Entered Level 1 of the Lair of Beasts
 14080 | Lair:1   | Reached skill level 10 in Fire Magic
 14261 | Lair:1   | Identified the +0 robe of the Equator {rPois rC+ Int+4
                  | Archmagi}
 14312 | Lair:1   | Identified the +1 chain mail of Rehearil {^Contam Int+3
                  | Dex+4}
 15136 | Lair:2   | Found a snail-covered altar of Cheibriados.
 15242 | Lair:2   | Found a hole to the Spider Nest.
 15400 | Lair:2   | Acquired 1257 gold pieces
 15649 | Lair:2   | Offered knowledge of Freezing Cloud by Vehumet.
 15685 | Lair:2   | You fall into a shaft and drop 2 floors!
 15940 | Lair:4   | Found a sacrificial altar of Ru.
 16065 | Lair:3   | Found a staircase to the Shoals.
 16361 | Lair:3   | Reached XP level 14. HP: 110/110 MP: 28/28
 17598 | Lair:4   | Reached skill level 15 in Fire Magic
 17689 | Lair:4   | Found the +8 whip "Snakebite" {venom, curare, rPois}
 18162 | Lair:5   | Entered Level 5 of the Lair of Beasts
 18278 | Lair:5   | Found a staircase to the Slime Pits.
 19177 | Lair:5   | Found the +1 cloak of Starlight {*Dazzle EV+4 Stlth--}
 19756 | D:11     | Reached XP level 15. HP: 115/115 MP: 4/29
 19813 | D:11     | Offered knowledge of Orb of Destruction by Vehumet.
 19929 | D:10     | Learned a level 7 spell: Orb of Destruction
 20000 | D:11     | Noticed Grum
 20002 | D:11     | Noticed Erolcha
 20003 | D:11     | Killed Grum
 20008 | D:11     | Noticed Harold
 20010 | D:11     | Killed Erolcha
 20010 | D:11     | Killed Harold
 20114 | D:11     | Identified the +6 rapier of the Saviour {freeze, Str+3
                  | Dex+2}
 20852 | D:11     | Found a glowing golden altar of the Shining One.
 21862 | D:13     | Found a runed translucent gate.
 21862 | D:13     | Found a runed translucent gate.
 21862 | D:13     | Found a runed translucent gate.
 21868 | D:13     | Noticed Fack's ghost (journeyman GnFi)
 21868 | D:13     | Noticed Dute's ghost (journeyman FoFi)
 21868 | D:13     | Noticed Fulij's ghost (journeyman MiFi)
 22712 | D:13     | Found a viscous altar of Jiyva.
 22816 | D:13     | Found a gate to the Vaults.
 22940 | D:13     | Found a runed translucent door.
 23284 | D:13     | You fall into a shaft and drop 2 floors!
 23284 | D:15     | Entered Level 15 of the Dungeon
 23364 | D:15     | Noticed Roxanne
 23557 | D:15     | Found a staircase to the Depths.
 23660 | D:15     | Found a bloodstained altar of Trog.
 24354 | D:15     | Noticed Azrael
 24598 | D:15     | Offered knowledge of Spellforged Servitor by Vehumet.
 24768 | D:14     | Reached XP level 16. HP: 75/125 MP: 11/30
 24777 | D:14     | Reached skill level 5 in Conjurations
 25760 | D:13     | Found a portal to a secret trove of treasure.
 25943 | D:13     | Identified the +1 whip "Louj" {speed, ^Contam rN++ Int+5}
 25944 | D:13     | Found a runed translucent gate.
 25944 | D:13     | Found a runed translucent gate.
 25944 | D:13     | Found a runed translucent gate.
 25944 | D:13     | Found a runed translucent gate.
 25944 | D:13     | Found a runed translucent gate.
 25944 | D:13     | Found a runed translucent gate.
 26037 | D:13     | Identified the amulet "Liajahai" {Fly Regen+}
 26104 | D:13     | Acquired the +0 hat of Ucreog {Regen+ Int+4 Dex-2 SInv}
 26469 | Spider:1 | Entered Level 1 of the Spider Nest
 26651 | Spider:1 | Noticed Jorgrun
 26655 | Spider:1 | Killed Jorgrun
 26658 | Spider:1 | Reached ****** piety under Vehumet
 26667 | Spider:1 | Offered knowledge of Arcjolt by Vehumet.
 27392 | D:13     | Killed Dute's ghost
 27392 | D:13     | Killed Fack's ghost
 27631 | Spider:2 | Noticed Mlioglotl
 27769 | Spider:2 | Killed Mlioglotl
 28015 | Spider:2 | Reached XP level 17. HP: 133/133 MP: 10/33
 28474 | Spider:3 | Offered knowledge of Starburst by Vehumet.
 28482 | Spider:3 | Learned a level 6 spell: Starburst
 28762 | Spider:3 | Reached skill level 10 in Conjurations
 29282 | Spider:4 | Entered Level 4 of the Spider Nest
 30052 | Spider:4 | Offered knowledge of Plasma Beam by Vehumet.
 30288 | Spider:4 | Identified the scarf of the Destroying Gods {shadows, rN++
                  | Regen+}
 30301 | Spider:4 | Got a gossamer rune of Zot
 30781 | D:3      | Killed cordlesssteve's ghost
 31207 | Vaults:1 | Entered Level 1 of the Vaults
 31342 | Vaults:1 | Reached XP level 18. HP: 119/140 MP: 31/34
 31371 | Vaults:1 | Identified the serpent talisman "Togras" {rC- Will++ Int+4}
 31371 | Vaults:1 | Noticed Aizul
 31374 | Vaults:1 | Killed Aizul
 32503 | Vaults:1 | Offered knowledge of Fire Storm by Vehumet.
 32503 | Vaults:1 | Offered knowledge of Chain Lightning by Vehumet.
 32503 | Vaults:1 | Offered knowledge of Polar Vortex by Vehumet.
 33223 | Shoals:1 | Entered Level 1 of the Shoals
 33333 | Shoals:1 | Reached skill level 15 in Conjurations
 33579 | Shoals:1 | Found Orghiqosh's Antique Armour Shop.
 33582 | Shoals:1 | Bought a bloodstained cloak for 332 gold pieces
 33582 | Shoals:1 | Identified the +1 cloak "Guschaug" {rC+ Dex+3 Stlth+} (You
                  | bought it in a shop on level 1 of the Shoals)
 34569 | Shoals:1 | Learned a level 9 spell: Fire Storm
 34729 | Shoals:2 | Reached XP level 19. HP: 146/146 MP: 27/35
 34983 | Shoals:2 | Noticed Polyphemus
 34989 | Shoals:2 | Killed Polyphemus
 37185 | Shoals:4 | Entered Level 4 of the Shoals
 38744 | Shoals:4 | Got a barnacled rune of Zot
 38976 | Shoals:4 | Identified the amulet "Koecoypn" {RegenMP rPois Int+4
                  | Dex+3}
 39721 | Vaults:2 | Reached XP level 20. HP: 153/153 MP: 36/36
 40245 | Vaults:2 | Identified the +5 whip "Cysur" {spect, rF+ rN++}
 40295 | Vaults:2 | Found a staircase to the Crypt.
 40295 | Vaults:2 | Found an ancient bone altar of Kikubaaqudgha.
 40295 | Vaults:2 | Found a basalt altar of Yredelemnul.
 40754 | Vaults:2 | Identified the +4 falchion of Triumph {heavy, Int+2}
 40760 | Vaults:2 | Identified the +3 robe of Sin {Regen+}
 41662 | Vaults:3 | Paralysed by a formless jellyfish for 1 turns
 42931 | Vaults:4 | Found a magical portal.
 42938 | WizLab   | Entered Borgnjor's Mausoleum
 43006 | WizLab   | Reached XP level 21. HP: 160/160 MP: 26/37
 43509 | WizLab   | Got Reutih's Discursus on the Mortuary
 44146 | Vaults:4 | Found Yzacw's Assorted Antiques.
 44326 | Vaults:4 | Paralysed by a formless jellyfish for 1 turns
 45042 | D:13     | Killed Fulij's ghost
 45187 | D:13     | You paid a toll of +2 shadow dragon scales to enter a
                  | treasure trove
 45188 | Trove    | Entered a treasure trove
 45193 | Trove    | Found the +15 Maxwell's patent armour {-Cast -Tele rElec
                  | Will+ rCorr}
 45195 | Trove    | Identified the +1 hat of Dis Tuwniu {rElec Regen+ Str-3
                  | Int-5}
 45203 | Trove    | Identified the ring of Buipt {Ice rN+}
 45353 | D:15     | Killed Azrael
 45528 | D:15     | Killed Roxanne
 45635 | Depths:1 | Entered Level 1 of the Depths
 45647 | Depths:1 | Noticed Asterion
 45905 | Elf:1    | Entered Level 1 of the Elven Halls
 46493 | Elf:1    | Got the Essays on Combat Magic
 46579 | Elf:1    | Identified the +1 ring mail "Zaoshr Dite" {rElec}
 47311 | Elf:2    | Reached XP level 22. HP: 155/172 MP: 14/39
 47399 | Elf:2    | Noticed Agnes
 47401 | Elf:2    | Killed Agnes
 47481 | Elf:2    | Found a runed translucent gate.
 47482 | Elf:2    | Found a runed translucent gate.
 47486 | Elf:2    | Found a runed translucent gate.
 47614 | Elf:2    | Noticed Donald
 47616 | Elf:2    | Killed Donald
 47668 | Elf:2    | Noticed Norris
 47725 | Elf:2    | Killed Norris
 48260 | Elf:3    | Entered Level 3 of the Elven Halls
 48440 | Elf:3    | Reached skill level 15 in Fighting
 48460 | Elf:3    | Reached skill level 15 in Dodging
 48523 | Elf:3    | Identified the ring of Odghour {rElec EV+5} (You took it
                  | off a deep elf death mage on level 3 of the Elven Halls)
 48609 | Elf:3    | Got the Atlas of the Hidden Queens
 48639 | Elf:3    | Identified the ring "Kaizyc" {rPois rN+ Will+ Int+3}
 48670 | Elf:3    | Identified the ring "Soqeistri" {rN+ Will+ Str+5 Int+6
                  | Stlth+}
 49643 | Slime:1  | Entered Level 1 of the Pits of Slime
 49706 | Slime:1  | Reached skill level 15 in Spellcasting
 50207 | Slime:2  | You fall into a shaft and drop 2 floors!
 50596 | Slime:3  | Reached XP level 23. HP: 183/183 MP: 34/42
 52033 | Slime:5  | Entered Level 5 of the Pits of Slime
 52138 | Slime:5  | Noticed the Royal Jelly
 52142 | Slime:5  | Killed the Royal Jelly
 52310 | Slime:5  | Identified the +4 whip of Valour {spect, rC+}
 52313 | Slime:5  | Got a slimy rune of Zot
 52318 | Slime:5  | Identified the +4 trident of Zatrom {heavy, rElec rPois rC-
                  | Int+4}
 52320 | Slime:5  | Got the Directory of Dimensional Beckoning
 52329 | Slime:5  | Identified the +1 mace of Indomitability {venom, rElec MP+9
                  | Str-5 Stlth+}
 52332 | Slime:5  | Got the Secrets of Congregated Flames
 52510 | Slime:5  | Identified the +1 leather armour of Death Resistance {+Inv}
 52623 | Slime:5  | Identified the +1 cloak "Xiffiruo" {rC- rCorr Dex+8 Stlth-}
 52669 | Slime:5  | Reached skill level 5 in Air Magic
 53635 | Vaults:5 | Entered Level 5 of the Vaults
 53666 | Vaults:5 | Noticed a dread lich
 53668 | Vaults:5 | Killed a dread lich
 53672 | Vaults:5 | Reached skill level 10 in Air Magic
 53691 | Vaults:5 | Reached XP level 24. HP: 130/191 MP: 43/43
 54212 | Vaults:5 | Noticed a dread lich
 54215 | Vaults:5 | Killed a dread lich
 54419 | Vaults:5 | Got a silver rune of Zot
 54578 | Vaults:5 | Identified the +0 quarterstaff "Goblinslayer" {drain, Fly
                  | Dex+3}
 54835 | Vaults:5 | Identified the staff of Qazlal's Scorn {rC+ Str+2 Ice}
 54991 | Vaults:5 | Learned a level 9 spell: Chain Lightning
 54995 | Vaults:5 | Learned a level 2 spell: Blink
 54999 | Vaults:5 | Learned a level 3 spell: Swiftness
 55008 | Vaults:5 | Learned a level 8 spell: Maxwell's Capacitive Coupling
 55013 | Vaults:5 | Learned a level 4 spell: Passage of Golubria
 55234 | Depths:1 | Killed Asterion
 55419 | Depths:1 | You fall into a shaft and drop 1 floor!
 55439 | Depths:2 | Noticed a caustic shrike
 55441 | Depths:2 | Killed a caustic shrike
 55441 | Depths:2 | Noticed a caustic shrike
 55442 | Depths:2 | Reached skill level 15 in Air Magic
 55442 | Depths:2 | Noticed a caustic shrike
 55445 | Depths:2 | Noticed a caustic shrike
 55447 | Depths:2 | Killed a caustic shrike
 55447 | Depths:2 | Killed a caustic shrike
 55453 | Depths:2 | Noticed a caustic shrike
 55455 | Depths:2 | Killed a caustic shrike
 55455 | Depths:2 | Killed a caustic shrike
 55560 | Depths:1 | Found a one-way gate leading to the halls of Pandemonium.
 55861 | Depths:1 | Found a gateway to Hell.
 56338 | Depths:2 | Reached XP level 25. HP: 197/197 MP: 6/43
 56507 | Depths:2 | Found Qoxoerch's Jewellery Shoppe.
 56508 | Depths:2 | Found Zioq's Jewellery Shoppe.
 56508 | Depths:2 | Found Echej's Book Boutique.
 56587 | Depths:2 | Identified the +5 morningstar "Jeatufuck" {chaos, rPois rF+
                  | rC- Str+8}
 57190 | Depths:3 | Found an iron altar of Okawaru.
 57417 | Depths:3 | Found a one-way gate to the infinite horrors of the Abyss.
 57585 | Depths:3 | Noticed Margery
 57587 | Depths:3 | Killed Margery
 58159 | Depths:3 | Found a one-way gateway to a ziggurat.
 58179 | Depths:3 | Noticed Jory
 58181 | Depths:3 | Killed Jory
 59036 | Crypt:1  | Entered Level 1 of the Crypt
 60113 | Crypt:2  | Reached XP level 26. HP: 204/204 MP: 29/43
 60294 | Crypt:2  | Found a basalt altar of Yredelemnul.
 60830 | Crypt:3  | Entered Level 3 of the Crypt
 61013 | Crypt:3  | Found an ancient bone altar of Kikubaaqudgha.
 61356 | Crypt:3  | Identified the +4 glaive of the Sugar Beet {flame, rF-
                  | rCorr Int+7}
 61718 | Crypt:3  | Found a staircase to the Tomb.
 61773 | Crypt:3  | Got Kikubaaqudgha's Guidebook on Stolen Souls
 62432 | Depths:3 | Voluntarily entered the Abyss.
 62460 | Abyss:1  | Found a broken altar of Ashenzari.
 62498 | Abyss:1  | Found a broken altar of Ashenzari.
 62676 | Abyss:1  | Found a corrupted altar of Lugonu.
 62875 | Abyss:2  | Found a corrupted altar of Lugonu.
 62875 | Abyss:2  | Found a corrupted altar of Lugonu.
 62875 | Abyss:2  | Found a corrupted altar of Lugonu.
 63016 | Abyss:3  | Got an abyssal rune of Zot
 63194 | Abyss:3  | Found a corrupted altar of Lugonu.
 63301 | Abyss:3  | Found a corrupted altar of Lugonu.
 63321 | Depths:3 | Escaped the Abyss
 63360 | Depths:4 | Entered Level 4 of the Depths
 63408 | Depths:4 | Noticed Parghit
 63411 | Depths:4 | Killed Parghit
 63522 | Depths:4 | Found a gate to the Realm of Zot.
 63524 | Depths:4 | Reached XP level 27. HP: 217/217 MP: 39/44
 63666 | Zot:1    | Entered Level 1 of the Realm of Zot
 63708 | Depths:4 | Reached skill level 1 in Shapeshifting
 64163 | Depths:4 | Killed the Enchantress
 64180 | Depths:4 | Reached skill level 5 in Shapeshifting
 64186 | Depths:4 | Found the +6 faerie dragon scales {Regen+ rCorr Slay+3
                  | Clar}
 64272 | Depths:4 | Identified the orb of Quick the Leaf {*channel, Will+}
 64272 | Depths:4 | Noticed Frederick
 64274 | Depths:4 | Killed Frederick
 65028 | Zot:1    | Acquired the +1 helmet of Fun and Games {rF++}
 65223 | Zot:1    | Reached skill level 10 in Shapeshifting
 65747 | Zot:2    | You fall into a shaft and drop 2 floors!
 66009 | Zot:4    | Noticed an orb of fire
 66009 | Zot:4    | Gained mutation: You are dopey. (Int -2) [an orb of fire]
 66016 | Zot:4    | Killed an orb of fire
 67964 | Zot:3    | Reached skill level 15 in Shapeshifting
 67990 | Zot:3    | Noticed a dread lich
 67992 | Zot:3    | Killed a dread lich
 68526 | Zot:3    | Noticed a dread lich
 68531 | Zot:3    | Killed a dread lich
 69014 | Tomb:1   | Entered Level 1 of the Tomb of the Ancients
 69431 | Tomb:1   | Noticed a royal mummy
 69434 | Tomb:1   | Killed a royal mummy
 69446 | Tomb:1   | Noticed a royal mummy
 69450 | Tomb:1   | Killed a royal mummy
 69516 | Tomb:1   | Identified the maw talisman of Charity {rN+ Int+4}
 69628 | Tomb:1   | Noticed a royal mummy
 69629 | Tomb:1   | Killed a royal mummy
 69905 | Tomb:1   | Got the Quarto of Glamourous Frostbite
 70547 | Pan      | Entered Pandemonium
 71063 | Pan      | Noticed Mobuergha the pandemonium lord
 71073 | Pan      | Killed Mobuergha the pandemonium lord
 72001 | Pan      | Found a transporter.
 72106 | Pan      | Found a transporter.
 72337 | Pan      | Lost mutation: You are dopey. (Int -2) [a cacodemon]
 72941 | Pan      | Identified the +4 rapier "Aroy" {flame, Will+}
 72943 | Pan      | Identified the ring "Xuadic" {rPois Will- rCorr Int+3
                  | Stlth+}
 72954 | Pan      | Identified the ring "Korisod" {rC+ Str+6 SInv}
 73331 | Pan      | Noticed Zimotrog the pandemonium lord
 73334 | Pan      | Killed Zimotrog the pandemonium lord
 73720 | Pan      | Found an exit through the horrors of the Abyss.
 74200 | Depths:1 | Escaped Pandemonium
 74700 | Tomb:2   | Noticed a royal mummy
 74701 | Tomb:2   | Noticed a royal mummy
 74701 | Tomb:2   | Noticed a royal mummy
 74702 | Tomb:2   | Noticed a royal mummy
 74705 | Tomb:2   | Killed a royal mummy
 74707 | Tomb:2   | Killed a royal mummy
 74707 | Tomb:2   | Killed a royal mummy
 74708 | Tomb:2   | Killed a royal mummy
 75057 | Tomb:2   | Gained mutation: Your mind is acute. (Int +4, Str/Dex -1)
                  | [potion of mutation]
 75057 | Tomb:2   | Gained mutation: You are frail. (-10% HP) [potion of
                  | mutation]
 75057 | Tomb:2   | Gained mutation: You are strong-willed. (Will+) [potion of
                  | mutation]
 75057 | Tomb:2   | Gained mutation: You have an increased reservoir of magic.
                  | (+10% MP) [potion of mutation]
 75058 | Tomb:2   | Lost mutation: You are strong-willed. (Will+) [potion of
                  | mutation]
 75058 | Tomb:2   | Lost mutation: Your mind is acute. (Int +4, Str/Dex -1)
                  | [potion of mutation]
 75058 | Tomb:2   | Lost mutation: You have an increased reservoir of magic.
                  | (+10% MP) [potion of mutation]
 75058 | Tomb:2   | Gained mutation: Your muscles are strong. (Str +4, Int/Dex
                  | -1) [potion of mutation]
 75058 | Tomb:2   | Lost mutation: You are frail. (-10% HP) [potion of
                  | mutation]
 75058 | Tomb:2   | Gained mutation: You are strong-willed. (Will+) [potion of
                  | mutation]
 75059 | Tomb:2   | Lost mutation: Your muscles are strong. (Str +4, Int/Dex
                  | -1) [potion of mutation]
 75059 | Tomb:2   | Lost mutation: You are strong-willed. (Will+) [potion of
                  | mutation]
 75059 | Tomb:2   | Gained mutation: You occasionally lose the ability to drink
                  | potions when taking damage. [potion of mutation]
 75059 | Tomb:2   | Gained mutation: You have a pair of small horns on your
                  | head. [potion of mutation]
 75061 | Tomb:2   | Lost mutation: You occasionally lose the ability to drink
                  | potions when taking damage. [potion of mutation]
 75061 | Tomb:2   | Lost mutation: You have a pair of small horns on your head.
                  | [potion of mutation]
 75061 | Tomb:2   | Gained mutation: Your flesh is heat resistant. (rF+)
                  | [potion of mutation]
 75061 | Tomb:2   | Gained mutation: Your mind is acute. (Int +4, Str/Dex -1)
                  | [potion of mutation]
 75061 | Tomb:2   | Gained mutation: You are strong-willed. (Will+) [potion of
                  | mutation]
 75180 | Tomb:1   | Acquired the ring "Resaw" {rElec rPois rN+ SInv}
 75212 | Tomb:1   | Noticed a royal mummy
 75214 | Tomb:1   | Killed a royal mummy
 75218 | Tomb:1   | Noticed a royal mummy
 75220 | Tomb:1   | Killed a royal mummy
 75240 | Tomb:1   | Noticed a royal mummy
 75250 | Tomb:1   | Noticed a royal mummy
 75250 | Tomb:1   | Noticed a royal mummy
 75250 | Tomb:1   | Noticed a royal mummy
 75252 | Tomb:1   | Noticed a royal mummy
 75252 | Tomb:1   | Noticed a royal mummy
 75368 | Tomb:1   | Noticed a royal mummy
 75370 | Tomb:1   | Killed a royal mummy
 75373 | Tomb:1   | Killed a royal mummy
 75385 | Tomb:1   | Noticed a royal mummy
 75393 | Tomb:1   | Killed a royal mummy
 75402 | Tomb:1   | Noticed a royal mummy
 75403 | Tomb:1   | Noticed a royal mummy
 75544 | Tomb:1   | Killed a royal mummy
 75548 | Tomb:1   | Killed a royal mummy
 75616 | Tomb:1   | Noticed a royal mummy
 75619 | Tomb:1   | Killed a royal mummy
 75655 | Tomb:1   | Noticed a royal mummy
 75657 | Tomb:1   | Killed a royal mummy
 75722 | Tomb:1   | Killed a royal mummy
 75731 | Tomb:1   | Noticed a royal mummy
 75732 | Tomb:1   | Noticed a royal mummy
 75733 | Tomb:1   | Noticed a royal mummy
 75735 | Tomb:1   | Killed a royal mummy
 75735 | Tomb:1   | Killed a royal mummy
 75738 | Tomb:1   | Killed a royal mummy
 75746 | Tomb:1   | Noticed a royal mummy
 75748 | Tomb:1   | Killed a royal mummy
 75774 | Tomb:1   | Noticed a royal mummy
 75776 | Tomb:1   | Killed a royal mummy
 75842 | Tomb:1   | Noticed a royal mummy
 75845 | Tomb:1   | Killed a royal mummy
 75905 | Tomb:1   | Noticed a royal mummy
 75908 | Tomb:1   | Killed a royal mummy
 75919 | Tomb:1   | Killed a royal mummy
 75975 | Tomb:1   | Killed a royal mummy
 76020 | Tomb:1   | Killed a royal mummy
 76030 | Tomb:1   | Noticed a royal mummy
 76035 | Tomb:1   | Killed a royal mummy
 76116 | Tomb:1   | Killed a royal mummy
 76424 | Tomb:3   | Entered Level 3 of the Tomb of the Ancients
 76434 | Tomb:3   | Noticed a royal mummy
 76436 | Tomb:3   | Killed a royal mummy
 76436 | Tomb:3   | Noticed a royal mummy
 76438 | Tomb:3   | Noticed a royal mummy
 76441 | Tomb:3   | Killed a royal mummy
 76442 | Tomb:3   | Noticed a royal mummy
 76445 | Tomb:3   | Killed a royal mummy
 76445 | Tomb:3   | Killed a royal mummy
 76449 | Tomb:3   | Noticed a royal mummy
 76451 | Tomb:3   | Killed a royal mummy
 76464 | Tomb:3   | Noticed a royal mummy
 76465 | Tomb:3   | Noticed a royal mummy
 76466 | Tomb:3   | Killed a royal mummy
 76467 | Tomb:3   | Killed a royal mummy
 76468 | Tomb:3   | Noticed a royal mummy
 76471 | Tomb:3   | Killed a royal mummy
 76491 | Tomb:3   | Noticed a royal mummy
 76494 | Tomb:3   | Killed a royal mummy
 76612 | Tomb:3   | Identified the ring of Abimn {Int+6 Dex+2}
 76636 | Tomb:3   | Identified the +4 scale mail of the Enchanted Forest {+Inv
                  | Regen+ Int+8 Dex-2}
 76637 | Tomb:3   | Identified the +5 quarterstaff of Faosab {distort, rF++}
 76644 | Tomb:3   | Identified the +1 ring mail of Circular Logic {rC+ Will+
                  | Regen+}
 76645 | Tomb:3   | Identified the staff of Laaja {rPois rCorr SInv Earth}
 76673 | Tomb:3   | Identified the +9 quarterstaff of Ancient Evil {flame,
                  | rPois Will+ SInv}
 76912 | Tomb:3   | Acquired the -1 cloak of Lucidity {Regen+ Slay+2 Stlth+}
 76975 | Tomb:3   | Identified the staff of Propriety {rElec rCorr Int-3 SInv
                  | Hexes Air}
 77006 | Tomb:3   | Got a golden rune of Zot
 77573 | Pan      | Entered Pandemonium
 77907 | Pan      | Found a transporter.
 78192 | Pan      | Found a transporter.
 78489 | Pan      | Identified the ring of Idealism {MP+9 Str+6 SInv}
 78517 | Pan      | Identified the amulet "Fixuezem" {Reflect rF+ SH+5}
 78527 | Pan      | Identified the amulet of Deshi {Acrobat rF+++ rN++ Will-
                  | Dex-3}
 78742 | Pan      | Found a runed translucent door.
 79706 | Pan      | Noticed Yvvejes the pandemonium lord
 79708 | Pan      | Killed Yvvejes the pandemonium lord
 79813 | Pan      | Entered the realm of Cerebov.
 80201 | Pan      | Found the +6 sword of Cerebov {flame}
 80201 | Pan      | Noticed Cerebov
 80213 | Pan      | Killed Cerebov
 80328 | Pan      | Got a fiery rune of Zot
 81577 | Pan      | Identified the staff of the Foremost Scars {rF+ rC+ Ice}
 81713 | Pan      | Noticed Gackat the pandemonium lord
 81716 | Pan      | Killed Gackat the pandemonium lord
 81874 | Pan      | Identified the ring "Muuqita" {rC+ EV+5}
 82104 | Pan      | Found an exit through the horrors of the Abyss.
 82235 | Pan      | Got a demonic rune of Zot
 82358 | Pan      | Entered the realm of Gloorx Vloq.
 83446 | Pan      | Noticed Gloorx Vloq
 83452 | Pan      | Killed Gloorx Vloq
 83454 | Pan      | Got a dark rune of Zot
 84016 | Pan      | Reached skill level 1 in Evocations
 84322 | Pan      | Reached skill level 5 in Evocations
 84416 | Pan      | Got the Directory of the Final Bones
 84417 | Pan      | Identified the +5 shortbow "Caraf" {freeze, MP+9 SInv}
 84446 | Pan      | Noticed Osocir the pandemonium lord
 84448 | Pan      | Killed Osocir the pandemonium lord
 84746 | Pan      | Found a huge runed translucent gate.
 84748 | Pan      | Found a huge runed translucent gate.
 84749 | Pan      | Found a huge runed translucent gate.
 84749 | Pan      | Found a huge runed translucent gate.
 84749 | Pan      | Found a huge runed translucent gate.
 84749 | Pan      | Found a huge runed translucent gate.
 84750 | Pan      | Found a huge runed translucent gate.
 84758 | Pan      | Noticed Monam the pandemonium lord
 84777 | Pan      | Killed Monam the pandemonium lord
 85086 | Pan      | Noticed Mennas
 85090 | Pan      | Killed Mennas
 85166 | Pan      | Acquired a +0 pair of gloves of dexterity
 85991 | Pan      | Reached skill level 10 in Evocations
 86375 | Pan      | Noticed Fiowiut the pandemonium lord
 86378 | Pan      | Killed Fiowiut the pandemonium lord
 86662 | Pan      | Found an exit through the horrors of the Abyss.
 87163 | Pan      | Entered the realm of Lom Lobon.
 87332 | Pan      | Found an exit through the horrors of the Abyss.
 87830 | Pan      | Noticed Lom Lobon
 87834 | Pan      | Killed Lom Lobon
 87857 | Pan      | Got a magical rune of Zot
 88601 | Pan      | Noticed Jynece the pandemonium lord
 88636 | Pan      | Reached skill level 15 in Evocations
 89240 | Pan      | Killed Jynece the pandemonium lord
 89300 | Pan      | Found an exit through the horrors of the Abyss.
 89631 | Pan      | Noticed Xinag the pandemonium lord
 89670 | Pan      | Killed Xinag the pandemonium lord
 90826 | Pan      | Found an exit through the horrors of the Abyss.
 90869 | Pan      | Noticed Yckeoh the pandemonium lord
 90876 | Pan      | Killed Yckeoh the pandemonium lord
 91706 | Pan      | Noticed Foajouf the pandemonium lord
 91711 | Pan      | Killed Foajouf the pandemonium lord
 92713 | Pan      | Entered the realm of Mnoleg.
 92980 | Pan      | Noticed Mnoleg
 93297 | Pan      | Killed Mnoleg
 93584 | Pan      | Got a glowing rune of Zot
 94821 | Pan      | Found an exit through the horrors of the Abyss.
 95506 | Pan      | Noticed Ximpecock the pandemonium lord
 95509 | Pan      | Killed Ximpecock the pandemonium lord
 96002 | Depths:1 | Escaped Pandemonium
 96216 | Vaults:4 | Bought a scroll of teleportation for 90 gold pieces
 96481 | Depths:1 | Upgraded the game from 0.32-a0-350-g4f4d228785 to
                  | 0.32-a0-361-g289a535e89
 96482 | Hell     | Entered the Vestibule of Hell
 96482 | Hell     | Noticed Geryon
 96485 | Hell     | Killed Geryon
 96791 | Hell     | Found a gateway to the Iron City of Dis.
 96979 | Hell     | Found a gateway to the ashen valley of Gehenna.
 97068 | Hell     | Found a gateway to the decaying netherworld of Tartarus.
 97162 | Hell     | Found a gateway to the freezing wastes of Cocytus.
 97366 | Tar:1    | Entered Level 1 of Tartarus
 98036 | Tar:4    | Noticed an ancient lich
 98037 | Tar:4    | Killed an ancient lich
 98698 | Tar:5    | Noticed an ancient lich
 98709 | Tar:5    | Killed an ancient lich
 98912 | Tar:7    | Entered Level 7 of Tartarus
100000 | Tar:7    | HP: 3/228 [arc of chain lightning (16)]
100182 | Tar:7    | Identified the +6 great mace "Kiapie" {holy, rElec rN+
                  | Str+3 Dex+3}
100383 | Tar:7    | Noticed Ereshkigal
100387 | Tar:7    | Killed Ereshkigal
101170 | Tar:7    | Identified the ring "Ymokh" {rF++ Int+6 Dex-2 SInv}
101176 | Tar:7    | Identified the staff of Afryut {rPois rC+ Str+4 Conj}
101179 | Tar:7    | Identified the +3 glaive of the Heavens {venom, Str+3}
101181 | Tar:7    | Got a bone rune of Zot
101182 | Tar:7    | Identified the +4 orcbow of Uzxealle {freeze, Will+}
101281 | Tar:7    | Identified the +1 arbalest of Pely {drain, rC+ Str-2
                  | Stlth+}
101492 | Geh:1    | Entered Level 1 of Gehenna
101595 | Geh:1    | Found a corrupted altar of Lugonu.
101618 | Geh:1    | You fall into a shaft and drop 1 floor!
102204 | Geh:7    | Entered Level 7 of Gehenna
102356 | Geh:7    | Noticed the Serpent of Hell
102360 | Geh:7    | Killed the Serpent of Hell
102720 | Geh:7    | Identified the ring "Ontyaz Akiext" {rF+++ MP+9 EV+5 Str-2
                  | Int+3}
103679 | Geh:7    | Found the +13 sceptre of Asmodeus
103679 | Geh:7    | Noticed Asmodeus
103683 | Geh:7    | Killed Asmodeus
103722 | Geh:7    | Identified the staff of Infection {rElec rF+ rN+ Will+
                  | Necro}
103724 | Geh:7    | Got an obsidian rune of Zot
104627 | Coc:1    | Entered Level 1 of Cocytus
105256 | Coc:6    | Noticed a juggernaut
105294 | Coc:7    | Entered Level 7 of Cocytus
106083 | Coc:7    | Identified the +9 long sword of Analysis {flame, rElec rF+}
106083 | Coc:7    | Identified the ring "Zavoshex" {rN+ Will++ rCorr AC+4
                  | Str-2}
106083 | Coc:7    | Noticed Antaeus
106087 | Coc:7    | Killed Antaeus
106485 | Coc:7    | Identified the +8 mace of Jyef {drain, rF+ rN++ Dex-5}
106545 | Coc:7    | Got an icy rune of Zot
106549 | Coc:7    | Identified the +7 dagger "Ahoezadd" {venom, ^Drain rPois
                  | Will+}
106955 | Hell     | Acquired a book of Power
106956 | Hell     | Acquired a book of the Earth
106961 | Dis:1    | Entered Level 1 of the Iron City of Dis
107209 | Dis:7    | Entered Level 7 of the Iron City of Dis
108100 | Dis:7    | Noticed a juggernaut
108103 | Dis:7    | Killed a juggernaut
108454 | Dis:7    | Noticed a juggernaut
108466 | Dis:7    | Killed a juggernaut
108551 | Dis:7    | Identified the +1 arbalest "Mitsone" {penet, Dex+3}
108843 | Dis:7    | Identified the ring of Lojiudu {rElec Str+6 Dex+3 Stlth+}
108843 | Dis:7    | Noticed Dispater
108859 | Dis:7    | Killed Dispater
108874 | Dis:7    | Noticed a juggernaut
108876 | Dis:7    | Killed a juggernaut
108958 | Dis:7    | Got an iron rune of Zot
109128 | Dis:7    | Found the +7 mace of Variability {chaos, chaos arc}
109460 | Zot:5    | Entered Level 5 of the Realm of Zot
109755 | Zot:5    | Noticed a dread lich
109757 | Zot:5    | Killed a dread lich
109758 | Zot:5    | Noticed an orb of fire
109764 | Zot:5    | Noticed an orb of fire
109832 | Zot:5    | Killed an orb of fire
109833 | Zot:5    | Noticed an orb of fire
110193 | Zot:5    | Killed an orb of fire
110197 | Zot:5    | Killed an orb of fire
110205 | Zot:5    | Noticed an orb of fire
110209 | Zot:5    | Killed an orb of fire
110236 | Zot:5    | Noticed an ancient lich
110238 | Zot:5    | Killed an ancient lich
110385 | Zot:5    | Noticed an orb of fire
110389 | Zot:5    | Killed an orb of fire
110684 | Zot:5    | Noticed a dread lich
110686 | Zot:5    | Killed a dread lich
110850 | Zot:5    | Got the Orb of Zot
110929 | Zot:4    | Reached skill level 27 in Conjurations
110984 | Zot:3    | Reached skill level 27 in Fire Magic
110984 | Zot:3    | Reached skill level 27 in Air Magic
111047 | Zot:1    | Noticed Zieph the pandemonium lord
111052 | Zot:1    | Killed Zieph the pandemonium lord
111072 | Depths:4 | Noticed Vuruh the pandemonium lord
111083 | Depths:4 | Noticed Ustreollu the pandemonium lord
111563 | D:$      | Escaped with the Orb!

Illustrated notes

Levels and vault maps discovered:
D:1:      scummos_arrival_hexagon, layout_rooms
D:2:      minmay_chambers_of_ones, layout_basic, basic_altar,
          reono_crystal_passage
D:3:      layout_loops_ring, beargit_hepliaklqana_dungeon_heroes,
          gammafunk_ghost_grave
D:4:      layout_cave_pods, minmay_temple_entry_hall, uniq_eustachio
D:5:      layout_cave_pods, nicolae_overflow_hidden_temple,
          minmay_fractal_squares_diagonal_5
D:6:      layout_loops_corners, nicolae_uskayaw_dance_studio,
          roderic_filled_cross, blue_anna_alchemist, small_statue_intersection,
          uniq_jeremiah, uniq_menkaure
D:7:      layout_layer_cave
D:8:      bobbens_index_wilting_gardens, layout_rooms, slow_altar_2,
          enter_bailey_5
D:9:      layout_stronghold, dpeg_lair_monsters, orc_0_dummy, uniq_erica,
          uniq_maurice, uniq_psyche
D:10:     layout_stronghold, jmf_multi_god_temple,
          nicolae_ru_great_annihilating_truth, uniq_amaemon
D:11:     layout_irregular_city, tso_altar, uniq_grum, uniq_erolcha, uniq_harold
D:12:     layout_basic
D:13:     gammafunk_indiana_jones, layout_basic, grunt_vaults_entry_tiered,
          nicolae_trove_entry_diagonal, gammafunk_ghost_cemetery, jiyva_altar_1
D:14:     layout_irregular_city, corexii_corridor_pit
D:15:     grunt_enter_depths_magical_seal, layout_basic, grunt_decor_clamped,
          trog_butcher_becter, uniq_azrael, uniq_roxanne
Temple:   bh_familiar_temple
Lair:1:   layout_gridlike, grunt_megastairs_3
Lair:2:   layout_regular_city, nicolae_spider_entry_lesser_pyramids,
          st_stairs_13, roderic_carrion_pond, kennysheep_snail_temple
Lair:3:   layout_gridlike, shoals_dummy_entry, beast_lair_carwin_2
Lair:4:   minmay_guarded_unrand_snakebite, layout_loops_ring, basic_altar
Lair:5:   hangedman_lair_in_review, layout_regular_city, slime_entry_1,
          infiniplex_staircase_pool_2, serial_bayou_shore_b
Shoals:1: layout_shoals, serial_shops, nicolae_shop_behind_doors
Shoals:2: layout_shoals, uniq_polyphemus
Shoals:3: layout_shoals, nicolae_shoals_spectral_cove
Shoals:4: shoals_end_hangedman, layout_shoals, nicolae_shoals_hunting_party
Spider:1: layout_spider_delve, uniq_jorgrun
Spider:2: layout_spider_delve, uniq_mlioglotl
Spider:3: layout_spider_delve
Spider:4: hellmonk_spider_rune_bug_friends
Slime:1:  layout_caves
Slime:2:  nicolae_slime_jelly_donut, layout_caves
Slime:3:  nicolae_slime_pool, layout_caves
Slime:4:  layout_caves
Slime:5:  slime_pit_nicolae_trefoil
Orc:1:    layout_caves, serial_shops, nicolae_diamond_shop,
          mainiacjoe_minedec_watcher_in_the_water
Orc:2:    grunt_orc_gardens, layout_diamond_mine, grunt_orc_garden,
          grunt_orc_garden, grunt_orc_garden, grunt_orc_garden
Elf:1:    layout_onion_city, minmay_elf_annihilation, st_stairs_8,
          nicolae_concentric_dashed_squares_wild
Elf:2:    nicolae_elf_blades_splatter_lattice
          [nicolae_vaults_blade_armed_guards], layout_loops_cross, uniq_donald,
          uniq_agnes, uniq_norris
Elf:3:    grunt_elf_hall_asides, layout_loops_ring, grunt_megastairs_4
Vaults:1: vaults_room_semicircle, nicolae_vaults_house_2, vaults_dpeg_spiral,
          ontoclasm_vaults_shout, vaults_mumra_minichess,
          nicolae_vaults_storage_closets_2, ontoclasm_vaults_twist,
          layout_vaults_omnigrid, uniq_aizul
Vaults:2: vaults_mumra_hexcomb, nicolae_vaults_ring_of_whatevers,
          dpeg_vaults_hating_casters, minmay_crypt_entry_necro_gods,
          nicolae_vaults_trapezoid_2, nicolae_vaults_trapezoid_3,
          vaults_room_fours, hangedman_vaults_snaps,
          nicolae_vaults_closet_pinwheel_3, nicolae_vaults_network_square,
          nicolae_vaults_gold_heap, ontoclasm_vaults_chip,
          layout_vaults_omnicross
Vaults:3: nicolae_vaults_house_2, hangedman_vaults_nails,
          vaults_standard_mumra_lines, ontoclasm_vaults_chip,
          nicolae_vaults_more_shelving_2, nicolae_vaults_trapezoid_lopsided_2,
          nicolae_vaults_trapezoid_lopsided_3, vaults_room_fancy_cross,
          nicolae_vaults_house_3, nicolae_vaults_trapezoid_lopsided_3,
          ontoclasm_vaults_ligature, vaults_dpeg_hooks,
          layout_vaults_chaotic_city
Vaults:4: mu_enter_wizlab_6, nicolae_vaults_fighting_squares,
          nicolae_vaults_prndl, vaults_mumra_chevron,
          nicolae_vaults_closet_pinwheel_2, nicolae_vaults_layer_cake_slice,
          v_pattern_5, v_misc_12, vaults_standard_mumra_enter_the_diamond,
          v_misc_8, nicolae_vaults_asterisk, nicolae_vaults_six-pack,
          nicolae_vaults_asterisk, nicolae_vaults_closet_pinwheel_1,
          grunt_vaults_hallway_long, layout_vaults_ring, serial_shops, shop
Vaults:5
Crypt:1:  layout_gridlike, grunt_megastairs_5
Crypt:2:  layout_misc_corridors, basic_altar, grunt_ministairs_1
Crypt:3:  grunt_crypt_end_deaths_head
Tomb:1
Tomb:2
Tomb:3
Depths:1: layout_basic, hell_entry, pan_entry, chequers_jeans,
          hangedman_cracks_in_the_wall, uniq_asterion
Depths:2: grunt_crosshair, layout_cave_pools, pan_entry,
          pf_vacation_house_of_asmodeus, minmay_shop_grove
Depths:3: nzn_winding_woodlands_stair_cross [nzn_winding_woodlands_5x15_crooked,
          nzn_winding_woodlands_center_garden,
          nzn_winding_woodlands_5x15_longhouse,
          nzn_winding_woodlands_5x5_default, nzn_winding_woodlands_5x5_cross,
          nzn_winding_woodlands_5x15_eye, nzn_winding_woodlands_center_lodge,
          nzn_winding_woodlands_5x15_cabin], layout_gridville, enter_ziggurat_a,
          okawaru_gym_becter, grunt_pan_entry_sceptre, abyss_entry, hell_entry,
          serial_glass, glass_columns_b, glass_columns_a,
          chequers_decorated_corner, serial_bayou_shore_b, uniq_jory,
          uniq_margery
Depths:4: grunt_zot_entry_funnels, layout_gridlike, grunt_pan_entry_zigzag,
          grunt_hell_entry_demonic_statue, serial_bayou_ford_a, abyss_entry,
          uniq_enchantress, uniq_frederick, uniq_parghit
Hell
Dis:1:    layout_jigsaw
Dis:2:    layout_overlapping_boxes
Dis:3:    layout_subdivisions
Dis:4:    layout_jigsaw
Dis:5:    layout_jigsaw
Dis:6:    layout_regular_city
Dis:7:    dis_hangedman
Geh:1:    layout_gehenna_pools_triple, lemuel_hellish_altar
Geh:2:    layout_gehenna_lava_caves
Geh:3:    layout_gehenna_lava_caves
Geh:4:    layout_gehenna_lava_caves
Geh:5:    layout_gehenna_pools_box
Geh:6:    layout_gehenna_lava_caves
Geh:7:    geh_grunt_pentagon
Coc:1:    layout_ice_bergs
Coc:2:    layout_cocytus_delve
Coc:3:    layout_cocytus_water_paths
Coc:4:    layout_ice_bergs
Coc:5:    layout_cocytus_water_paths
Coc:6:    layout_ice_bergs, tekkud_coc_lazy_river
Coc:7:    coc_grunt_cove [coc_grunt_cove_antaeus, coc_grunt_cove_fiend,
          coc_grunt_cove_fiend, coc_grunt_cove_fiend, coc_grunt_cove_fiend]
Tar:1:    layout_honeycomb
Tar:2:    layout_grid_maze
Tar:3:    layout_grid_maze
Tar:4:    layout_honeycomb, nicolae_tar_cuneiform_oil, lemuel_nasty_pond
Tar:5:    layout_grid_maze
Tar:6:    layout_grid_maze, nicolae_tar_cuneiform_heaven
Tar:7:    tar_minmay_river
Zot:1:    layout_onion_interference
Zot:2:    layout_cellular_growth, uniq_grunn
Zot:3:    hellmonk_paralyzer, layout_misc_corridors, hangedman_zot_decor_slant
Zot:4:    layout_gridlike
Zot:5:    layout_cellular_growth, skrybe_zot_glass_2

Skill      XL: |  1  2  3  4  5  6  7  8  9 10 11 12 13 14 15 16 17 18 19 20 21 22 23 24 25 26 27 |
---------------+----------------------------------------------------------------------------------+-----
Alchemy        | 4 6 7 9 10 | 10.0
Spellcasting   | 3 4 5 8 10 12 13 15 16 17 26 | 26.5
Fire Magic     | 2 4 5 8 13 17 18 20 21 27 | 27.0
Fighting       | 4 8 10 11 12 14 15 16 17 21 | 21.0
Dodging        | 4 8 10 11 12 14 15 16 17 21 | 21.0
Conjurations   | 4 9 13 16 19 21 27 | 27.0
Air Magic      | 11 17 21 27 | 27.0
Shapeshifting  | 23 | 23.0
Evocations     | 21 | 21.0
Stealth        | |  2.1

Action                     |  1- 3 |  4- 6 |  7- 9 | 10-12 | 13-15 | 16-18 | 19-21 | 22-24 | 25-27 || total
---------------------------+-------+-------+-------+-------+-------+-------+-------+-------+-------++-------
  Melee: Spear             |    26 |    11 |       |       |       |       |       |       |       ||    37
         Unarmed           |     1 |       |       |       |       |       |       |       |       ||     1
         Whip              |       |     2 |    12 |       |    37 |       |       |       |       ||    51
         Staff             |       |     2 |     6 |     8 |     8 |     5 |     1 |       |    20 ||    50
         Trident           |       |       |     4 |       |       |       |       |       |       ||     4
   Cast: Sting             |    39 |    98 |    43 |       |       |       |       |       |       ||   180
         Olgreb's Toxic Ra |       |     6 |    40 |   110 |   164 |    29 |       |       |       ||   349
         Sticky Flame      |       |       |    25 |    88 |    83 |    18 |       |       |       ||   214
         Ignite Poison     |       |       |       |    74 |   108 |    20 |       |       |       ||   202
         Ignition          |       |       |       |       |   130 |   171 |   128 |    16 |    29 ||   474
         Starburst         |       |       |       |       |       |   153 |   145 |     7 |       ||   305
         Fire Storm        |       |       |       |       |       |       |   143 |   288 |  1831 ||  2262
         Orb of Destructio |       |       |       |       |       |       |    30 |     1 |    23 ||    54
         Chain Lightning   |       |       |       |       |       |       |       |    14 |   794 ||   808
         Maxwell's Capacit |       |       |       |       |       |       |       |       |    68 ||    68
Ability: Begin Untransform |       |       |       |       |       |       |       |       |     1 ||     1
  Evoke: Wand              |       |       |     1 |       |       |       |       |       |     3 ||     4
         Lightning rod     |       |       |       |       |       |       |       |       |    11 ||    11
    Use: Scroll            |       |     5 |     4 |     3 |    10 |    19 |     5 |     3 |    37 ||    86
         Potion            |       |       |       |       |     2 |     3 |     5 |     4 |    10 ||    24
 Armour: Robe              |    15 |    25 |    20 |     5 |   137 |   137 |   145 |    37 |   820 ||  1341
         Steam dragon scal |       |       |    36 |    75 |       |       |       |       |       ||   111
  Dodge: Dodged            |    18 |    32 |    64 |    70 |   218 |   226 |   139 |    30 |   401 ||  1198
   Form: Death             |       |       |       |       |       |       |       |       |     3 ||     3
                           |       |       |       |       |       |       |       |       |     1 ||     1

Table legend: (Time is in decaauts)
 A = Elapsed time spent in this place.
 B = Non-inter-level travel time spent in this place.
 C = Inter-level travel time spent in this place.
 D = Time resting spent in this place.
 E = Time spent auto-exploring this place.
 F = Levels seen in this place.
 G = Mean time per level.
                   A        B        C        D        E       F      G
               +--------+--------+--------+--------+--------+-----+--------+
         Total | 112024 | 101410 |  10614 |     74 |  84285 | 111 | 1009.2 |
       Dungeon |  22729 |  19008 |   3721 |     53 |  16161 |  15 | 1515.3 |
        Temple |     29 |     16 |     13 |      0 |      0 |   1 |   29.0 |
          Lair |   6584 |   5745 |    839 |      0 |   5024 |   5 | 1316.8 |
        Shoals |   6114 |   5968 |    146 |      0 |   5316 |   4 | 1528.5 |
   Spider Nest |   3647 |   3273 |    374 |      6 |   2614 |   4 |  911.8 |
    Slime Pits |   3676 |   3273 |    403 |      0 |   2927 |   5 |  735.2 |
  Orcish Mines |   1726 |   1387 |    339 |      0 |   1178 |   2 |  863.0 |
   Elven Halls |   3589 |   3241 |    348 |      0 |   2704 |   3 | 1196.3 |
        Vaults |   9093 |   7715 |   1378 |      0 |   6686 |   5 | 1818.6 |
         Crypt |   3573 |   2966 |    607 |      0 |   2508 |   3 | 1191.0 |
          Tomb |   3857 |   3189 |    668 |      0 |   2453 |   3 | 1285.7 |
        Depths |   5645 |   5162 |    483 |      0 |   4319 |   4 | 1411.2 |
          Hell |    940 |    614 |    326 |      0 |    506 |   1 |  940.0 |
           Dis |   2305 |   2281 |     24 |     15 |   1654 |   7 |  329.3 |
       Gehenna |   3035 |   2788 |    247 |      0 |   2261 |   7 |  433.6 |
       Cocytus |   2348 |   2257 |     91 |      0 |   1834 |   7 |  335.4 |
      Tartarus |   4102 |   3973 |    129 |      0 |   3345 |   7 |  586.0 |
           Zot |   5356 |   4884 |    472 |      0 |   3994 |   5 | 1071.2 |
         Abyss |    897 |    897 |      0 |      0 |    398 |   3 |  299.0 |
   Pandemonium |  22060 |  22060 |      0 |      0 |  18019 |  18 | 1225.6 |
         Trove |     66 |     66 |      0 |      0 |     19 |   1 |   66.0 |
        Wizlab |    645 |    645 |      0 |      0 |    362 |   1 |  645.0 |
               +--------+--------+--------+--------+--------+-----+--------+

Top non-repeatable levels by time:
    D:13: 3038 daAuts
    D:15: 2831 daAuts
   Tar:7: 2550 daAuts
Vaults:2: 2382 daAuts
  Tomb:1: 2360 daAuts
Vaults:1: 2329 daAuts
   Geh:7: 2324 daAuts
Shoals:4: 2190 daAuts
   Dis:7: 2061 daAuts
     D:6: 2012 daAuts
     D:8: 1873 daAuts
Depths:3: 1708 daAuts
Depths:4: 1675 daAuts
   Coc:7: 1665 daAuts
Vaults:4: 1624 daAuts
